Cogmind - Beta 16.1 @@@ ROGUE MODE // 2026.03.10 @ 20:02:01 Player: Zable Result: Self-destructed Performance ------------- Evolutions (4) 2000 Regions Visited (11) 2200 Robots Destroyed (140) 700 Value Destroyed (4705) 4705 Prototype IDs (9) 180 Alien Tech Used (0) 0 Bonus (33) 33 TOTAL SCORE: 9818 Bonus ------- Follower Combat Kills 33 Cogmind --------- Core Integrity 410/850 Matter 500/500 Energy 448/450 System Corruption 8% Temperature Cool (0) Movement Core (850) Ox16 Location -6/Factory Parts ------- > --- POWER (2) -------- (None) > --- PROPULSION (4) --- (None) > --- UTILITY (7) ------ High-capacity Storage Unit Energy Well High-capacity Matter Pod Improved Sensor Array > --- WEAPON (2) ------- (None) > --- INVENTORY (20) --- Heavy Ion Engine Armored Huge Wheel Medium Storage Unit Cooled Pulse Rifle Long-range Proton Cannon Advanced Beam Cannon Ion Cannon Ion Cannon Flak Gun Mini Grenade Launcher Chainsword Peak State ------------ > --- POWER ------------ Heavy Deuterium Engine Reinforced Antimatter Reactor > --- PROPULSION ------- Advanced Treads Advanced Treads Armored Huge Wheel > --- UTILITY ---------- Improved Cooling System High-capacity Storage Unit Advanced Visual Processing Unit IFF Parser Heavy Armor Plating Shield Generator > --- WEAPON ----------- Cooled Pulse Rifle Long-range Proton Cannon > --- INVENTORY -------- Heavy Ion Engine Advanced Treads Titanium Leg Armored Huge Wheel Medium Storage Unit Energy Well High-capacity Matter Pod Improved Sensor Array Improved Terrain Scanner Improved Light Armor Plating Plasma Rifle Advanced Beam Cannon Ion Cannon Ion Cannon Minigun Flak Gun Mini Grenade Launcher Great Maul Chainsword [Rating: 64] Favorites ----------- Power Reinforced Antimatter Reactor Engine Heavy Deuterium Engine Reactor Reinforced Antimatter Reactor Propulsion Advanced Treads Treads Advanced Treads Leg Aluminum Leg Wheel Armored Huge Wheel Utility Medium Storage Unit Device Improved Sensor Array Storage Medium Storage Unit Processor Improved Signal Interpreter Protection Hardened Heavy Armor Plating Weapon Flak Cannon Energy Gun Arc Projector Energy Cannon Long-range Proton Cannon Ballistic Gun Minigun Ballistic Cannon Flak Cannon Launcher Mini Grenade Launcher Special Weapon Mining Laser Impact Weapon Great Maul Slashing Weapon Chainsword Build | -11 -10 -10 -9 -9 -8 -7 -7 -7 -7 -7 -6 ------- Run | Yrd Mat Min Mat Sto Mat Fac Was Fac Low Low Fac Slots Evolved 8 | . . . 2 . 2 2 . . . . 2 Power 1 | . . . . . . . . . . . 1 Propulsion 2 | . . . . . 1 1 . . . . . Utility 5 | . . . 2 . 1 1 . . . . 1 Weapon . | . . . . . . . . . . . . Parts Attached 97 | 1 7 1 13 18 24 9 1 3 2 . 18 Power 8 | . 1 . 2 1 1 1 1 . . . 1 Engine 7 | . 1 . 2 1 1 1 . . . . 1 Core . | . . . . . . . . . . . . Reactor 1 | . . . . . . . 1 . . . . Propulsion 27 | . . . 3 7 9 3 . . 1 . 4 Treads 9 | . . . . . 4 3 . . . . 2 Leg 17 | . . . 3 7 5 . . . . . 2 Wheel 1 | . . . . . . . . . 1 . . Hover . | . . . . . . . . . . . . Flight . | . . . . . . . . . . . . Utility 30 | 1 1 1 4 3 7 2 . 3 1 . 7 Device 14 | 1 . 1 1 3 1 2 . 1 . . 4 Storage 5 | . 1 . . . 1 . . 1 . . 2 Processor 3 | . . . 1 . 2 . . . . . . Hackware . | . . . . . . . . . . . . Protection 8 | . . . 2 . 3 . . 1 1 . 1 Artifact . | . . . . . . . . . . . . Weapon 32 | . 5 . 4 7 7 3 . . . . 6 Energy Gun 10 | . . . . 3 5 . . . . . 2 Energy Cannon 8 | . 4 . . 2 . 2 . . . . . Ballistic Gun 4 | . . . . 1 2 . . . . . 1 Ballistic Cannon 5 | . . . 3 1 . 1 . . . . . Launcher 1 | . . . . . . . . . . . 1 Special Weapon 1 | . 1 . . . . . . . . . . Impact Weapon 1 | . . . 1 . . . . . . . . Slashing Weapon 2 | . . . . . . . . . . . 2 Piercing Weapon . | . . . . . . . . . . . . Special Melee Weapon . | . . . . . . . . . . . . Unidentified Prototypes 9 | . . 1 1 4 1 1 . . . . 1 Parts Lost 47 | . 1 . 1 9 11 1 . 1 1 1 21 Power 4 | . . . . 1 . . . . . . 3 Propulsion 14 | . . . 1 1 4 . . 1 . 1 6 Utility 19 | . . . . 4 4 1 . . 1 . 9 Weapon 10 | . 1 . . 3 3 . . . . . 3 Highest Loss Streak 13 | . 1 . 1 4 2 1 . 1 1 1 13 To Critical Strikes . | . . . . . . . . . . . . Average Backups 11 | 6 9 9 9 9 8 8 9 14 16 17 18 Power 1 | 1 1 1 1 1 2 2 2 2 2 2 1 Propulsion 2 | 4 3 3 1 2 . . 1 2 3 3 2 Utility 3 | . . 2 4 3 2 2 2 2 3 4 6 Weapon 4 | 1 3 3 3 2 3 3 4 6 7 8 8 Tool/Special . | . . . . . . . . . . . . Unused Backups 20 | . 4 . 5 3 1 2 1 . . . 4 Power 4 | . . . 1 . 1 . 1 . . . 1 Propulsion 8 | . 1 . 3 3 . . . . . . 1 Utility 2 | . 1 . . . . 1 . . . . . Weapon 6 | . 2 . 1 . . 1 . . . . 2 Tool/Special . | . . . . . . . . . . . . Average Slot Usage (%) 91 | . 98 100 89 97 91 90 84 91 84 84 81 Engine 7 | . 14 14 11 9 9 7 1 . . . 5 Reactor 1 | . . . . . . . 5 7 7 7 5 Treads 10 | . . . . . 8 29 30 29 15 15 11 Leg 13 | . 28 28 22 22 17 . . . . . 1 Wheel 1 | . . . . . . . . . 6 7 5 Device 13 | . 14 14 12 19 7 7 7 14 7 7 17 Storage 9 | . 14 14 11 11 10 7 7 7 7 7 6 Processor 9 | . . . 6 11 17 14 7 7 7 7 5 Protection 4 | . . . 4 1 4 7 7 7 15 15 6 Energy Gun 3 | . . . . 7 6 . . . . . 6 Energy Cannon 6 | . 22 28 . 2 1 2 15 12 15 15 1 Ballistic Gun 2 | . . . . 1 5 4 . 2 . . 1 Ballistic Cannon 4 | . . . 20 4 3 4 . . . . . Impact Weapon 1 | . . . . 5 1 2 . . . . 2 Peak Build Rating 64 | 7 8 16 29 27 36 50 49 56 57 55 64 Average Rating 34 | 6 7 10 25 23 31 43 48 52 55 54 58 On Entrance 30 | 6 7 8 16 27 23 26 47 49 53 55 52 Avg Prop Armor Cover (%) 8 | . . . . 7 3 . . . 9 7 8 Naked Turns . | . . . . . . . . . . . . Heaviest Build 113 | 13 22 22 34 34 49 60 73 107 107 102 113 Greatest Support 86 | 20 20 20 20 26 60 86 86 86 64 28 37 Greatest Overweight (x) 4 | . 1 1 1 2 1 . . 1 3 3 4 Average Overweight (x) 1 | . . 1 1 . . . . . 2 3 2 Largest Inventory Capacity 20 | 8 10 10 10 10 10 10 10 20 20 20 20 Average Capacity 12 | 8 9 10 10 10 10 10 10 19 20 20 20 Most Carried 20 | 6 10 10 10 10 10 10 10 19 19 18 20 Average Carried 11 | 6 9 9 9 9 9 9 10 17 17 18 19 Final Capacity 20 | 8 10 10 10 10 10 10 10 20 20 20 20 Final Carried 19 | 6 10 10 10 10 9 10 10 19 18 18 12 Class Distribution -------------------- 69% | Mutant 20% | Skirmisher 5% | Assassin 3% | Scavenger-Mutant Dominant Class ---------------- Mutant | -10/Materials Mutant | -10/Mines Mutant | -9/Materials Mutant | -9/Storage Mutant | -8/Materials Skirmisher | -7/Factory Mutant | -7/Waste Skirmisher | -7/Factory Mutant | -7/Lower Caves Mutant | -7/Lower Caves Mutant | -6/Factory Resources | -11 -10 -10 -9 -9 -8 -7 -7 -7 -7 -7 -6 ----------- Run | Yrd Mat Min Mat Sto Mat Fac Was Fac Low Low Fac Matter Collected 3347 | 179 96 20 550 599 739 340 . 238 221 . 365 Remotely . | . . . . . . . . . . . . Salvage Created 4952 | 101 210 . 484 1010 1279 532 . 418 195 . 723 Parts 251 | 5 18 . 31 45 80 18 . 18 8 . 28 Haulers Intercepted 5 | . 1 . . 4 . . . . . . . Recyclers Shooed 6 | . . . 2 . 2 . . . . . 2 Parts Field Recycled . | . . . . . . . . . . . . Retrieved Matter . | . . . . . . . . . . . . Parts Self-Destructed 3 | . . . . . . . . . 3 . . Prevented 7 | . . . . . . . . . 7 . . Parts Restored . | . . . . . . . . . . . . Kills | -11 -10 -10 -9 -9 -8 -7 -7 -7 -7 -7 -6 ------- Run | Yrd Mat Min Mat Sto Mat Fac Was Fac Low Low Fac Combat Hostiles Destroyed 106 | . 7 . 18 20 26 7 . 7 3 . 18 Melee 8 | . . . . . 4 1 . . . . 3 Guns 29 | . . . . 8 11 . . 1 . . 9 Cannons 54 | . 7 . 18 8 9 5 . 5 2 . . Classes Destroyed 17 | 2 4 . 3 3 2 2 . . . . 1 Worker 6 | . . . 1 2 2 . . 1 . . . Builder 4 | . . . . . 3 1 . . . . . Tunneler 2 | 1 . . 1 . . . . . . . . Hauler 5 | . 1 . . 4 . . . . . . . Recycler 5 | 1 . . . . 1 3 . . . . . Mechanic 1 | . . . . 1 . . . . . . . Operator 3 | . . . . 2 1 . . . . . . Drone 2 | . . . . 2 . . . . . . . Watcher 8 | . 1 . . 2 2 2 . 1 . . . Swarmer 16 | . 5 . 3 2 4 . . . . . 2 Saboteur 2 | . . . . . . . . . . . 2 Grunt 49 | . 2 . 6 13 14 4 . 4 2 . 4 Brawler 2 | . . . . . 1 . . . 1 . . Duelist 1 | . . . 1 . . . . . . . . Sentry 24 | . . . 8 5 7 . . 1 . . 3 Hunter 4 | . . . . . . 1 . . . . 3 Programmer 8 | . . . . . . 2 . 2 . . 4 Best Kill Streak 6 | 1 3 . 6 5 6 4 . 3 3 . 4 Combat Bots Only 5 | . 3 . 5 4 5 4 . 2 3 . 4 Max Kills in Single Turn 2 | 1 1 . 2 2 2 1 . 2 1 . 1 Gunslinging . | . . . . . . . . . . . . Exploded . | . . . . . . . . . . . . Melee 1 | . . . . . 1 1 . . . . 1 Uniques/NPCs Destroyed . | . . . . . . . . . . . . Combat | -11 -10 -10 -9 -9 -8 -7 -7 -7 -7 -7 -6 -------- Run | Yrd Mat Min Mat Sto Mat Fac Was Fac Low Low Fac Hostile Shots Fired 975 | . 29 . 74 109 219 60 . 86 4 17 377 Missed 281 | . 6 . 24 31 63 15 . 27 1 3 111 Hits 694 | . 23 . 50 78 156 45 . 59 3 14 266 Projectile 694 | . 23 . 50 78 156 45 . 59 3 14 266 AOE 1 | . . . . . . . . . . . 1 Critical Strikes 18 | . 2 . 3 1 7 2 . 2 . . 1 Part Disruptions 1 | . . . . 1 . . . . . . . Damage Taken 8856 | . 207 . 664 1146 2137 774 . 862 47 225 2794 Core 1046 | . 9 . 115 148 202 28 . 73 . 31 440 Absorbed by Shields 293 | . . . . . . . . . . . 293 Core Remaining (%) 74 | 100 . 96 . 34 63 . . . . 81 . Volleys Fired 297 | 5 20 . 36 50 92 23 . 32 5 1 33 Largest 2 | 2 2 . 2 2 2 2 . 2 2 2 2 Hottest 162 | 80 160 . 74 90 110 162 . 162 162 162 141 Shots Fired 552 | 10 33 . 72 90 180 44 . 55 9 2 57 Gun 285 | 10 . . . 52 140 18 . 14 . . 51 Cannon 257 | . 27 . 72 38 40 26 . 41 9 2 2 Launcher 4 | . . . . . . . . . . . 4 Special 6 | . 6 . . . . . . . . . . Kinetic 298 | . . . 72 52 102 38 . 14 . . 20 Thermal 89 | 10 33 . . 1 . . . 14 . . 31 Explosive 4 | . . . . . . . . . . . 4 Electromagnetic 161 | . . . . 37 78 6 . 27 9 2 2 Robot Hit Streak 12 | 2 6 . 10 12 12 5 . 6 7 9 12 Robot Miss Streak 12 | 1 3 . 10 6 12 2 . 4 1 . 9 Penetration Max . | . . . . . . . . . . . . Secondary Targets 3 | . . . . 1 1 . . . . . 1 Max Gunslinging Chain 1 | . . . . 1 1 . . . . . 1 Shots Hit Robots 453 | 6 17 . 56 91 144 34 . 29 7 2 67 Core Hits 280 | 3 10 . 67 56 86 10 . 11 1 . 36 Critical Kills 3 | . . . . . 2 1 . . . . . Critical Parts Destroyed 17 | . . . . 4 2 3 . . . . 8 Critical Strikes 26 | . . . . 6 4 6 . . . . 10 Burn 1 | . . . . . . . . . . . 1 Blast 2 | . . . . . . 2 . . . . . Smash 22 | . . . . 6 4 4 . . . . 8 Sever 1 | . . . . . . . . . . . 1 Melee Attacks 125 | . . . 3 26 33 16 . . . . 47 Impact 115 | . . . 3 26 33 16 . . . . 37 Slashing 10 | . . . . . . . . . . . 10 Piercing . | . . . . . . . . . . . . Sneak Attacks 9 | . . . . 5 . 4 . . . . . Combat Hostiles . | . . . . . . . . . . . . Follow-up Attacks 1 | . . . . . . . . . . . 1 Damage Inflicted 11312 | 69 321 . 1111 2306 2979 1371 . 817 237 59 2042 Guns 3437 | 69 . . . 735 1352 207 . 198 . . 876 Cannons 4066 | . 297 . 1111 575 685 502 . 572 237 59 28 Explosions 219 | . . . . 66 106 . . 47 . . . Melee 3566 | . . . . 930 836 662 . . . . 1138 Ramming . | . . . . . . . . . . . . Kinetic 4315 | . . . 1111 723 1404 559 . 198 . . 320 Thermal 1289 | 69 321 . . 66 106 . . 171 . . 556 Explosive 47 | . . . . . . . . 47 . . . Electromagnetic 2095 | . . . . 587 633 150 . 401 237 59 28 Impact 3417 | . . . . 930 836 662 . . . . 989 Slashing 149 | . . . . . . . . . . . 149 Piercing . | . . . . . . . . . . . . Highest Corruption 7 | . . . . . . 1 1 4 4 4 7 Average Corruption 2 | . . . . . . 1 1 2 4 4 3 Corruption Purged . | . . . . . . . . . . . . Corruption Blocked . | . . . . . . . . . . . . Effects 34 | . . . . . . 2 . 14 8 . 10 Message Errors 9 | . . . . . . . . 5 2 . 2 Matter Fused 7 | . . . . . . . . 5 . . 2 Heat Flow Errors 4 | . . . . . . . . . 2 . 2 Energy Discharges 5 | . . . . . . 1 . . 2 . 2 Parts Rejected 1 | . . . . . . . . 1 . . . Parts Fused 3 | . . . . . . . . 1 . . 2 Data Loss (minor) 4 | . . . . . . 1 . 2 1 . . Data Loss (major) 1 | . . . . . . . . . 1 . . Overload Shots 6 | . . . . . . . . . . . 6 Effects 1 | . . . . . . . . . . . 1 Short Circuit 1 | . . . . . . . . . . . 1 Overflow Damage 1561 | . . . . 423 271 453 . . 33 . 381 Projectiles 56 | . . . . . . 23 . . 33 . . Explosions 41 | . . . . . 41 . . . . . . Melee 1464 | . . . . 423 230 430 . . . . 381 Knockbacks 67 | . . . 24 10 26 2 . . . . 5 Impact 10 | . . . . . 4 1 . . . . 5 Kinetic 53 | . . . 23 10 19 1 . . . . . Secondary 4 | . . . 1 . 3 . . . . . . Self-Inflicted Damage 91 | . . . . . 49 . . 42 . . . Shots 2 | . . . . . 1 . . 1 . . . Rammed 1 | . . . . . 1 . . . . . . Targets Rammed 1 | . . . . . 1 . . . . . . Kicked . | . . . . . . . . . . . . Crushed . | . . . . . . . . . . . . Highest Temperature 453 | 72 240 . 103 84 453 370 . 373 171 42 360 Average Temperature 99 | 33 69 . 29 37 130 113 . 120 69 21 104 Received Heat Transfer 2677 | . 30 . 243 429 927 297 . 306 27 . 418 Effects 10 | . . . . . 6 1 . 2 . . 1 Shutdowns 4 | . . . . . 1 1 . 1 . . 1 Energy Bleed 3 | . . . . . 2 . . 1 . . . Interference 1 | . . . . . 1 . . . . . . Matter Decay 1 | . . . . . 1 . . . . . . Damage (minor) 1 | . . . . . 1 . . . . . . Siege Activations . | . . . . . . . . . . . . Martial Activations . | . . . . . . . . . . . . Shielding Activations . | . . . . . . . . . . . . Robots Disrupted 2 | . . . . . 2 . . . . . . Combat Hostiles 1 | . . . . . 1 . . . . . . Robots Corrupted 17 | . . . . 6 2 1 . 1 1 . 6 Combat Hostiles 15 | . . . . 4 2 1 . 1 1 . 6 Parts Fried 30 | . . . . 8 5 7 . 1 . . 9 Impact Corruptions 47 | . . . . 13 8 12 . . . . 14 Robots Melted . | . . . . . . . . . . . . Combat Hostiles . | . . . . . . . . . . . . Parts Melted 3 | . . . . . . . . . . . 3 Heat Transferred 2388 | 150 679 . . 100 100 . . 259 . . 1100 Parts Sabotaged . | . . . . . . . . . . . . Parts Stolen . | . . . . . . . . . . . . Parts Stripped . | . . . . . . . . . . . . Power Chain Reactions 2 | . . . . 1 1 . . . . . . Alert | -11 -10 -10 -9 -9 -8 -7 -7 -7 -7 -7 -6 ------- Run | Yrd Mat Min Mat Sto Mat Fac Was Fac Low Low Fac Maximum Alert Level 1 | . . . . . 1 . . . . . . Low Security (%) 98 | 100 100 100 100 100 89 100 100 100 . . 100 Level 1 1 | . . . . . 10 . . . . . . Level 2 . | . . . . . . . . . . . . Level 3 . | . . . . . . . . . . . . Level 4 . | . . . . . . . . . . . . Level 5 . | . . . . . . . . . . . . High Security . | . . . . . . . . . . . . Max Security . | . . . . . . . . . . . . Peak Influence 270 | 5 103 19 165 144 270 119 33 163 . . 150 Initial 119 | . 3 19 . 61 1 119 33 . . . 9 Average 55 | 3 34 . 58 68 85 58 10 59 . . 34 Influence Increases 3639 | 10 196 . 576 708 903 303 . 359 70 15 499 Destroy 0b10 Robot/C 2140 | . 140 . 380 400 520 140 . 140 60 . 360 Destroy 0b10 Robot/NC 170 | 10 10 . 10 55 45 30 . 10 . . . Destroy Leader 616 | . 34 . 130 122 134 44 . 42 10 . 100 Allied During Kill 3 | . . . 3 . . . . . . . . Successful Hack 162 | . 6 . 36 15 25 50 . 30 . . . Disable Machine 150 | . . . . 30 30 30 . 60 . . . Destroy Structure 98 | . 6 . 2 11 14 9 . 32 . . 24 Partial Spotted 30 | . . . . 15 15 . . . . . . Lose Combat Pursuer 270 | . . . 15 60 120 . . 45 . 15 15 Influence Decreases 3553 | 5 150 51 429 851 643 471 96 245 184 . 428 Entered New Map 380 | . 2 32 . 86 3 145 63 . 43 . 6 Time Decay 2460 | 5 138 19 276 585 530 316 13 235 131 . 212 Lost Part 460 | . 10 . 10 90 110 10 . 10 10 . 210 Lost Ally 120 | . . . 10 90 . . 20 . . . . Purge Threat 133 | . . . 133 . . . . . . . . Squads Dispatched 20 | . . . 2 4 6 1 . 3 . . 4 Investigation 6 | . . . 1 2 1 . . 1 . . 1 Extermination 5 | . . . . . . 1 . 2 . . 2 Reinforcement 6 | . . . 1 2 2 . . . . . 1 Assault . | . . . . . . . . . . . . Garrison 3 | . . . . . 3 . . . . . . Intercept . | . . . . . . . . . . . . Searches Triggered . | . . . . . . . . . . . . Construction Impeded . | . . . . . . . . . . . . Haulers Reinforced . | . . . . . . . . . . . . Active Scanning Responses . | . . . . . . . . . . . . Cargo Convoy Interrupts 2 | . . . . . . . . 1 . . 1 Stealth | -11 -10 -10 -9 -9 -8 -7 -7 -7 -7 -7 -6 --------- Run | Yrd Mat Min Mat Sto Mat Fac Was Fac Low Low Fac Distress Signals 12 | . . . 1 2 7 . . . . . 2 Communications Jammed . | . . . . . . . . . . . . Distress Signals . | . . . . . . . . . . . . Times Spotted 188 | . 10 . 24 28 52 12 6 13 7 5 31 Peak Tracking Total 12 | . 3 . 5 5 7 5 6 3 4 4 12 Tactical Retreats 17 | . . . 1 4 7 . . 3 . 1 1 Traps | -11 -10 -10 -9 -9 -8 -7 -7 -7 -7 -7 -6 ------- Run | Yrd Mat Min Mat Sto Mat Fac Was Fac Low Low Fac Traps Triggered 6 | . . . . 4 . 2 . . . . . Indirectly . | . . . . . . . . . . . . Trap Hack Attempts . | . . . . . . . . . . . . Triggered . | . . . . . . . . . . . . Disarmed . | . . . . . . . . . . . . Reprogrammed . | . . . . . . . . . . . . Reused . | . . . . . . . . . . . . Traps Extracted . | . . . . . . . . . . . . Installed . | . . . . . . . . . . . . Triggered . | . . . . . . . . . . . . Machines | -11 -10 -10 -9 -9 -8 -7 -7 -7 -7 -7 -6 ---------- Run | Yrd Mat Min Mat Sto Mat Fac Was Fac Low Low Fac Machines Disabled 11 | . . . 1 2 2 2 . 4 . . . Max in Single Turn 2 | . . . 1 1 2 1 . 2 . . . Garrison Access 1 | . . . . 1 . . . . . . . Machines Repaired . | . . . . . . . . . . . . Machines Dismantled . | . . . . . . . . . . . . Machines Sabotaged . | . . . . . . . . . . . . Overloaded Fab Kills . | . . . . . . . . . . . . Hacking | -11 -10 -10 -9 -9 -8 -7 -7 -7 -7 -7 -6 --------- Run | Yrd Mat Min Mat Sto Mat Fac Was Fac Low Low Fac Machines Accessed 33 | . 4 . 6 8 5 5 . 4 . . 1 Terminals 26 | . 4 . 6 7 3 3 . 3 . . . Fabricators 1 | . . . . . . 1 . . . . . Repair Stations . | . . . . . . . . . . . . Recycling Units . | . . . . . . . . . . . . Scanalyzers 2 | . . . . . 1 . . . . . 1 Garrison Access 4 | . . . . 1 1 1 . 1 . . . Total Hacks 83 | . 11 . 20 13 14 9 . 12 . . 4 Successful 40 | . 3 . 14 9 4 4 . 5 . . 1 Failed 43 | . 8 . 6 4 10 5 . 7 . . 3 Catastrophic 6 | . 1 . 1 1 1 . . 2 . . . Database Lockouts . | . . . . . . . . . . . . Manual 54 | . 11 . 13 10 9 6 . 5 . . . Terminals 67 | . 11 . 20 12 10 6 . 8 . . . Fabricators 1 | . . . . . . 1 . . . . . Repair Stations . | . . . . . . . . . . . . Recycling Units . | . . . . . . . . . . . . Scanalyzers 5 | . . . . . 1 . . . . . 4 Garrison Access 10 | . . . . 1 3 2 . 4 . . . Terminal Hacks 18 | . 1 . 8 5 1 1 . 2 . . . Record 2 | . . . . . . . . 2 . . . Part Schematic 1 | . . . 1 . . . . . . . . Robot Analysis 2 | . . . 2 . . . . . . . . Open Door 3 | . . . . 3 . . . . . . . Branch Access Points 5 | . 1 . 1 1 1 1 . . . . . Terminal Index 1 | . . . 1 . . . . . . . . Unreport Threat 1 | . . . 1 . . . . . . . . Locate Traps 2 | . . . 1 1 . . . . . . . Hauler Manifests 1 | . . . 1 . . . . . . . . Fabricator Hacks 1 | . . . . . . 1 . . . . . Build 1 | . . . . . . 1 . . . . . Repair Station Hacks . | . . . . . . . . . . . . Recycling Unit Hacks . | . . . . . . . . . . . . Scanalyzer 2 | . . . . . 1 . . . . . 1 Retrieve Study 2 | . . . . . 1 . . . . . 1 Garrison Access Hacks 1 | . . . . 1 . . . . . . . Seal Access 1 | . . . . 1 . . . . . . . Unauthorized Hacks 18 | . 2 . 6 3 2 2 . 3 . . . Terminals 18 | . 2 . 6 3 2 2 . 3 . . . Assimilate 2 | . . . 2 . . . . . . . . Botnet 16 | . 2 . 4 3 2 2 . 3 . . . Fabricators . | . . . . . . . . . . . . Repair Stations . | . . . . . . . . . . . . Recycling Units . | . . . . . . . . . . . . Scanalyzers . | . . . . . . . . . . . . Garrison Access . | . . . . . . . . . . . . Data Cores Recovered . | . . . . . . . . . . . . Used . | . . . . . . . . . . . . Hacking Detections 26 | . 4 . 5 4 4 4 . 4 . . 1 Full Trace Events 5 | . . . 1 1 1 . . 1 . . 1 Feedback Events 1 | . . . . . . . . 1 . . . Corruption 1 | . . . . . . . . 1 . . . Feedback Blocked . | . . . . . . . . . . . . Robot Schematics Acquired . | . . . . . . . . . . . . Robots Built . | . . . . . . . . . . . . Authchips . | . . . . . . . . . . . . Time . | . . . . . . . . . . . . Total Robot Build Rating . | . . . . . . . . . . . . Part Schematics Acquired 1 | . . . 1 . . . . . . . . Parts Built 2 | . . . . . . 2 . . . . . Authchips . | . . . . . . . . . . . . Time 53 | . . . . . . 53 . . . . . Total Part Build Rating 12 | . . . . . . 12 . . . . . Part Studies Acquired 2 | . . . . . 1 . . . . . 1 Parts Repaired . | . . . . . . . . . . . . Time . | . . . . . . . . . . . . Parts Recycled . | . . . . . . . . . . . . Recycled Matter . | . . . . . . . . . . . . Retrieved Matter . | . . . . . . . . . . . . Retrieved Components . | . . . . . . . . . . . . Parts Scanalyzed . | . . . . . . . . . . . . Part Schematics Acquired . | . . . . . . . . . . . . Parts Damaged . | . . . . . . . . . . . . Bothacking | -11 -10 -10 -9 -9 -8 -7 -7 -7 -7 -7 -6 ------------ Run | Yrd Mat Min Mat Sto Mat Fac Was Fac Low Low Fac Used RIF Installer . | . . . . . . . . . . . . Robots Hacked . | . . . . . . . . . . . . Non-combat . | . . . . . . . . . . . . Combat . | . . . . . . . . . . . . Robot Hacks Applied . | . . . . . . . . . . . . Relay Couplers Released . | . . . . . . . . . . . . Fabnet Peak Effective % . | . . . . . . . . . . . . Robots Rewired . | . . . . . . . . . . . . Allies Hacked . | . . . . . . . . . . . . Hacks Repelled . | . . . . . . . . . . . . Allies | -11 -10 -10 -9 -9 -8 -7 -7 -7 -7 -7 -6 -------- Run | Yrd Mat Min Mat Sto Mat Fac Was Fac Low Low Fac Total Allies 5 | . . 3 1 . . . 1 . . . . Largest Group 3 | . . 3 3 . . . 1 . . . . Highest-Rated Group 40 | . . 40 40 . . . 31 . . . . Highest-Rated Ally 31 | . . 16 16 . . . 31 . . . . Total Orders 12 | . . . . 9 3 . . . . . . EXPLORE 9 | . . . . 7 2 . . . . . . RETURN 3 | . . . . 2 1 . . . . . . Ally Attacks 23 | . . . 14 . . . 9 . . . . Total Damage 314 | . . . 148 . . . 166 . . . . Kills 1 | . . . 1 . . . . . . . . Allies Corrupted . | . . . . . . . . . . . . Allies Melted . | . . . . . . . . . . . . Intel | -11 -10 -10 -9 -9 -8 -7 -7 -7 -7 -7 -6 ------- Run | Yrd Mat Min Mat Sto Mat Fac Was Fac Low Low Fac Active Infowar (turns) 8971 | 6 564 738 1131 1107 1625 978 96 1079 424 50 1173 Optics 5299 | . . . . . 1543 978 96 1079 424 50 1129 Sensors 4030 | . . 207 1131 178 638 893 96 843 . . 44 IFF 864 | . . . . . . . . . . . 864 Terrain 1312 | . . . . . . . . 850 . . 462 Seismic 2112 | 6 564 531 . 929 82 . . . . . . Robot Analysis Total 2 | . . . 2 . . . . . . . . Derelict Logs Recovered 3 | . . 2 . . . . . . 1 . . Drone Launches 20 | . . . . 17 3 . . . . . . Drone Recoveries 8 | . . . . 5 3 . . . . . . Exploration | -11 -10 -10 -9 -9 -8 -7 -7 -7 -7 -7 -6 ------------- Run | Yrd Mat Min Mat Sto Mat Fac Was Fac Low Low Fac Turns Passed 9846 | 36 564 739 1131 1871 1645 978 96 1079 424 50 1233 Spaces Moved 4493 | 17 295 371 478 858 666 519 63 410 276 33 507 Core . | . . . . . . . . . . . . Treads 1244 | . . . . . 251 519 63 410 1 . . Legs 2452 | 17 295 371 478 858 415 . . . . . 18 Wheels 797 | . . . . . . . . . 275 33 489 Hover . | . . . . . . . . . . . . Flight . | . . . . . . . . . . . . Fastest Speed 105 | 120 120 190 190 120 105 151 151 151 145 145 120 Average Speed 168 | 120 150 190 190 168 160 153 151 220 145 145 144 Slowest Speed 260 | 120 190 190 190 260 245 163 151 233 233 145 195 Overloaded Moves . | . . . . . . . . . . . . Propulsion Burnouts . | . . . . . . . . . . . . Robots Hopped . | . . . . . . . . . . . . Potential Cave-ins 2 | . . . . . . . . . . . 2 Cave-ins Triggered . | . . . . . . . . . . . . Exploration Rate (%) 43 | 3 57 90 43 97 45 15 77 16 56 8 12 Regions Visited 11 Branch Regions 4 Pre-discovered Areas 2 | . . 2 . . . . . . . . . Known Exits Taken 6 | . 1 . 1 1 1 . . 1 1 . . Unknown Exits Taken 3 | 1 . 1 . . . . . . . 1 . Scrap Searched 4 | . . 1 . . . . . . 3 . . Spaces Dug 34 | . 4 . 2 5 8 8 . . . . 7 Terrain Destroyed 126 | . 5 . 2 10 12 11 . 45 . . 41 Melee 27 | . . . 2 5 8 5 . . . . 7 Projectile 12 | . 5 . . . . 6 . . . . 1 AOE 87 | . . . . 5 4 . . 45 . . 33 Terrain Rammed . | . . . . . . . . . . . . Walls Destroyed . | . . . . . . . . . . . . Machines Disabled . | . . . . . . . . . . . . Actions | -11 -10 -10 -9 -9 -8 -7 -7 -7 -7 -7 -6 --------- Run | Yrd Mat Min Mat Sto Mat Fac Was Fac Low Low Fac Total 5968 | 22 371 407 621 1143 1002 629 64 528 291 33 857 Wait 769 | . 31 31 79 137 141 46 . 66 4 . 234 Move 4483 | 16 294 370 477 857 665 519 62 409 275 32 507 Hop . | . . . . . . . . . . . . Pick Up 54 | . 10 2 4 11 9 4 . 6 3 . 5 Fast Attach 30 | 1 . 1 3 4 10 3 . 2 . . 6 Attach 37 | . 1 . 1 8 13 1 . 1 2 . 10 Detach 11 | . . . . 1 6 2 . 1 1 . . Swap 83 | . 8 . 11 21 9 8 1 11 . . 14 Drop 53 | . 7 3 7 12 12 7 1 . 1 . 3 Fire 297 | 5 20 . 36 50 92 23 . 32 5 1 33 Melee 123 | . . . 3 26 33 16 . . . . 45 Ram . | . . . . . . . . . . . . Kick . | . . . . . . . . . . . . Crush 1 | . . . . . 1 . . . . . . Escape Stasis 10 | . . . . 10 . . . . . . . Rewire 11 | . . . . . 11 . . . . . . Trap . | . . . . . . . . . . . . Miscellaneous 6 | . . . . 6 . . . . . . . Route ------- -11/Scrapyard -10/Materials (discovered 3 exits: *Mat / *Min x2) -10/Mines -9/Materials (discovered 2 exits: *Min / *Sto) -9/Storage (discovered 2 exits: *Mat / Rec) -8/Materials -7/Factory (discovered 2 exits: Low x2) -7/Waste -7/Factory -7/Lower Caves -7/Lower Caves -6/Factory History --------- Turn | Location | Event 1 | -11/Scrapyard | Discovered new exit (range 2) 37 | -11/Scrapyard | Entered Materials 317 | -10/Materials | Build established: Mutant 407 | -10/Materials | Discovered new exit (range 5) 508 | -10/Materials | Identified exit to Mines 601 | -10/Materials | Entered Mines 602 | -10/Mines | Learned location of Storage (-9) 1056 | -10/Mines | Learned Materials security intel 1129 | -10/Mines | Found a damaged Exp. Sensor Array with a note attached 1133 | -10/Mines | Found Prototype Device 1133 | -10/Mines | Identified Exp. Sensor Array 1295 | -10/Mines | Discovered new exit (range 11) 1323 | -10/Mines | Assisted by bots powering up and referring to "LRC-V3" 1340 | -10/Mines | Entered Materials 1340 | -9/Materials | Accompanied by 3 allies 1340 | -9/Materials | Evolved 2 slots: Utility x2 1515 | -9/Materials | Identified exit to Mines 1515 | -9/Materials | Identified exit to Storage 2471 | -9/Materials | Entered Storage 2705 | -9/Storage | Lost 4 parts (3u1w) 2977 | -9/Storage | Core integrity fell below 50% 3249 | -9/Storage | Lost 7 allies 3338 | -9/Storage | Identified exit to Recycling 3709 | -9/Storage | Discovered new exit (range 23) 4336 | -9/Storage | Identified exit to Materials 4342 | -9/Storage | Entered Materials 4342 | -8/Materials | Evolved 2 slots: Propulsion x1, Utility x1 5016 | -8/Materials | Garrison activated, responded to threat 5973 | -8/Materials | Discovered new exit (range 8) 5985 | -8/Materials | Identified exit to Factory 5987 | -8/Materials | Entered Factory 5987 | -7/Factory | Evolved 2 slots: Propulsion x1, Utility x1 6139 | -7/Factory | Build established: Skirmisher 6776 | -7/Factory | Fabricated Lrn. Proton Cannon (x2) 6902 | -7/Factory | Identified exit to Lower Caves 6965 | -7/Factory | Sucked down chute 6965 | -7/Factory | Entered Waste 6966 | -7/Waste | Met a frightened Derelict 6981 | -7/Waste | Spotted C-40 Crusher 6987 | -7/Waste | Spotted C-40 Crusher 6999 | -7/Waste | Spotted C-40 Crusher 7000 | -7/Waste | Spotted C-40 Crusher 7017 | -7/Waste | Spotted C-40 Crusher 7017 | -7/Waste | Spotted C-40 Crusher 7047 | -7/Waste | Discovered new exit (range 10) 7061 | -7/Waste | Entered Factory 7832 | -7/Factory | Cargo convoy interrupted 8128 | -7/Factory | Discovered exit to Lower Caves (range 5) 8140 | -7/Factory | Entered Lower Caves 8341 | -7/Lower Caves | Build established: Mutant 8422 | -7/Lower Caves | Identified exit to Lower Caves 8564 | -7/Lower Caves | Entered another Lower Caves area 8573 | -7/Lower Caves | Discovered new exit (range 8) 8614 | -7/Lower Caves | Entered Factory 8614 | -6/Factory | Evolved 2 slots: Power x1, Utility x1 9816 | -6/Factory | Cargo convoy interrupted 9816 | -6/Factory | Lost 13 parts (2p4n6u1w) 9846 | -6/Factory | Core integrity fell below 50% 9847 | -6/Factory | Self-destructed Last Messages --------------- 09839_ Slug penetrates Fabricator. 09839_ Slug penetrates X-72 Disruptor. 09839_ Slug penetrates Fabricator. 09839_ Great Maul destroyed. 09840_ Destroyed Lgt. Ion Engine. 09840_ P-60 Hacker resets E-15 Imp, system corruption cleaned. 09842_ Slug penetrates Fabricator. 09845_ Lgt. Angular Momentum Engine destroyed. 09845_ Imp. Terrain Scanner destroyed. 09845_ E-15 Imp destroyed. 09845_ Slug penetrates Fabricator. 09845_ P-70 Sage resets X-67 Chaingunner, system corruption cleaned. 09845_ Slug penetrates Fabricator. 09845_ K-01 Serf collects debris. 09846_ Fabricator collapses. 09847_ Power Sword destroyed. 09847_ M-28 Smith repairs X-72 Disruptor. 09847_ K-01 Serf collects debris. 09847_ Slug penetrates Wall. 09847_ Slug penetrates M-28 Smith. Map ----- +----------------------------------------------------+ | ?????????????????????????????????????????????????? | | ?????????????????????????????????????????????????? | | ?????????????????????????????????????????????????? | | ?????????????????????????????????????????????????? | | ?????????????????????????????????????????????????? | | ?????????????????????????????????????????????????? | | ?????????????????????????????????????????????????? | | ?????????????????????????????????????????????????? | | ?????????????????????????????????????????????????? | | ?????????????????????? ??????????????????????????? | | ???????????????????????? ????????????????????????? | | ?????????????????? ???????? ?????????????????????? | | ??????????????????? ??????#??????????????????????? | | ??????????????? ???????#?????????????????????????? | | ????????????????????????????? ???????????????????? | | ?????????????????????????????????????"???????????? | | ??????? ??#???????????????"??????????""??????????? | | ??????? ?# ????#????????????????????? ??????????? | | ??????? # ???# ?????"?????????#???????????????? | | ????????? + ??#/#########????????? ????????????? | | ??????????# ?#? h #??????????????????????? | | ??????????# #k !h ##?????????????????????? | | ??????????# # " pxh#???#?????????????????? | | ????????"?# # "hm%##?????????????????????? | | ??????????# # F"x#??????#####?#?????????? | | ??? ??????# # " @#???? #????????? | | ?#?#??????# # hk ## " " " " " #????????? | | ?########## t/ p %## " " " " " #????????? | | # [[ [ # #######/#### " " " " " #????????? | | ? [[ ## ?# ## " " " " " #????????? | | ? ## ? ! ## " " " " " #????????? | | #? ## # ## " " " " " #????????? | | ?? ! ## # ## " " " " " #???????? | | # ?"" ## # ! ## " " " " " #??????? | | # """ ?# # ## " " " " " #??????? | | ??""" ??# # ] ## #?????? | | ?? ???# # ## * #????? | | #####+##### ###+##############+########### | | =% | | %* | | % | | = | | | | #################/##### ###########+######T## | | ^####?????#???# ! # #??????# =%! #??#? | | ##????????#??# # #??#???# #???? | | T#?#????????# """" # ######## #???? | | ""###???#???## = """" + + #???? | | ###??????????# """" # ######## #???? | | ############?# """" # #?#?##?# #???? | +----------------------------------------------------+ Best States ------------- Heat Dissipation 64 Energy Generation 34 Energy Capacity 535 Matter Stores 495 Matter Capacity 500 Sight Range 20 Robot Scan Range 20 Terrain Scan Range 16 Terrain Scan Density 10 Armor Coverage 750 Evasion (%) 55 Recoil Reduction 4 Energy Filtering 30 Item Schematics ----------------- Hcp. Storage Unit | -9/Materials | Hacked Robot Schematics ------------------ None Fabricated ------------ Lrn. Proton Cannon | x2 | -7/Factory | Preloaded Repaired ---------- Nothing Studied --------- Imp. Aluminum Leg | -8/Materials | Hacked Arm. Huge Wheel | -6/Factory | Hacked Alien Tech Used ----------------- None Achievements -------------- Oh No You Don't! Challenges ------------ None Game ------ Seed TargetingChainRouter Manual? 0 Play Time 01:20:58 Cumulative 54.7 hours Start 2026.03.10 @ 18:11:54 End 2026.03.10 @ 20:02:01 Sessions 3 Manual Loads 0 Difficulty Rogue Special Mode None Game No. 79 Rogue 54 Adventurer 25 Explorer 0 Win Type - Total 0 Types 0/0/0/0/0/0/0/0/0/0 Lore% 37 Gallery% 38 Achievement% 31 Wizard Run 0 Options --------- Layout 0 ASCII 0 Keyboard 1 Movement Numpad Keybinds 0 Fullscreen 1 Font 24/Smallcaps Map View 183x50 Zoom Use 0% Tactical HUD 1 Map Filters NONE Filters NONE Steam 1 RUN: ba1cb573-0a80-41c4-9681-687934d8615e